 Dungeon Crawl Stone Soup version 0.21.0-3-g78d12a8 (console) character file.

116 removed the Magician (level 4, 0/26 HPs)
             Began as a Deep Elf Warper on Jan 13, 2018.
             Slain by Natasha (3 damage)
             ... on level 2 of the Dungeon.
             The game lasted 00:08:05 (3045 turns).

removed the Magician (Deep Elf Warper)              Turns: 3045, Time: 00:08:06

Health: 0/26       AC:  3    Str:  8    XL:     4   Next: 70%
Magic:  9/12       EV: 13    Int: 19    God:
Gold:   56         SH:  0    Dex: 14    Spells: 8/12 levels left

rFire    . . .     SeeInvis .   a - +0 short sword
rCold    . . .     Gourm    .   (no shield)
rNeg     . . .     Faith    .   b - +0 leather armour
rPois    +         Spirit   .   (no helmet)
rElec    .         Reflect  .   (no cloak)
rCorr    .         Harm     .   (no gloves)
MR       .....                  (no boots)
Stlth    +.........             (no amulet)
HPRegen  0.08/turn              p - ring of poison resistance
MPRegen  0.13/turn              (no ring)

@: shrouded, slowed, very slow
A: no striking features
a: no special abilities


You were on level 2 of the Dungeon.
You were not hungry.

You visited 1 branch of the dungeon, and saw 2 of its levels.

You collected 56 gold pieces.

Inventory:

Hand Weapons
 a - a +0 short sword (weapon)
 l - a +3 dagger
 t - a +5 club
Missiles
 e - 3 tomahawks of dispersal (quivered)
Armour
 b - a +0 leather armour (worn)
 o - a +2 large shield
Jewellery
 p - a ring of poison resistance (left hand)
Scrolls
 d - a scroll of blinking
 h - 2 scrolls of fog {unknown}
 i - 3 scrolls of amnesia {unknown}
 j - a scroll of remove curse {unknown}
 n - a scroll of immolation {unknown}
 s - a scroll of identify {unknown}
 v - a scroll of enchant weapon {unknown}
Potions
 k - 3 potions of ambrosia {unknown}
 q - a potion of agility {unknown}
 r - a potion of magic {unknown}
 u - a potion of heal wounds {unknown}
Books
 c - a book of Spatial Translocations

   Spells                             Type                      Level
   a - Blink                          Translocation                2
   b - Shroud of Golubria             Charms/Translocation         2
   c - Lesser Beckoning               Translocation                3
   d - Gell's Gravitas                Translocation                3
   e - Teleport Other                 Translocation                3
   f - Passage of Golubria            Translocation                4
Comestibles
 f - 3 rations


   Skills:
 - Level 2.0 Fighting
 - Level 2.0 Short Blades
 - Level 1.0 Throwing
 - Level 0.7 Armour
 - Level 3.4 Dodging
 + Level 4.9 Spellcasting
 - Level 4.1 Translocations


You had 8 spell levels left.
You knew the following spells:

 Your Spells              Type           Power        Failure   Level  Hunger
a - Shroud of Golubria    Chrm/Tloc      ##........   11%         2    #......
l - Blink                 Tloc           N/A          4%          2    #......


Dungeon Overview and Level Annotations

Branches:
Dungeon (2/15)

Altars:

Annotations:
D:1 Terence
D:2 Natasha, Sigmund


Message History

Casting: Blink
Confirm with . or Enter, or press ? or * to list all spells.
Space distorts slightly along a thin shroud covering your body.
You hit Natasha but do no damage.
Your shroud bends Natasha's attack away!
You hit Natasha.
Natasha is lightly wounded.
Natasha stares at you and mumbles some strange words.
You feel yourself slow down.
You hit Natasha.
Natasha is moderately wounded.
Natasha barely misses you. Natasha claws you.
* * * LOW HITPOINT WARNING * * *
You hit Natasha but do no damage.
Natasha is moderately wounded.
Natasha misses you.
You hit Natasha.
Natasha is severely wounded.
Natasha closely misses you. Natasha claws you.
You die...

##.. ..# #...# #.. #. ####
#...# ###.. # #...# #....
###.##### #...# #.#.#
###....†..# #...# #.#).
.....####.#####...#####.#..
###..####...............#..
#..#..................#.#
#....##.@.............#.#
..#.##......h#####...#######.#
.............# #.(.# #.#
###.......##.#####...# #..
#####.#.#..........## ### ##
######.#.#.#####h..[.# .#
#..........# #.....# .#
#.###..###.### #...#.####
.####<#
#..###w..###........###


You could see Natasha.

Vanquished Creatures
  Jessica (D:2)
  Natasha (D:2)
  2 adders (D:2)
  2 dart slugs (D:2)
  2 leopard geckos
  6 bats (D:1)
  2 giant cockroaches
  4 goblins
  8 hobgoblins
  A quokka (D:2)
  3 frilled lizards (D:1)
  4 kobolds
  7 rats
43 creatures vanquished.

Notes
Turn   | Place    | Note
-------+----------+-------------------------------------------
     0 | D:1      | removed the Deep Elf Warper began the quest for the Orb.
     0 | D:1      | Reached XP level 1. HP: 12/12 MP: 6/6
   476 | D:1      | Reached XP level 2. HP: 15/17 MP: 8/8
   490 | D:1      | Learned a level 2 spell: Blink
   568 | D:1      | Learned a level 2 spell: Shroud of Golubria
  1369 | D:2      | Reached XP level 3. HP: 21/21 MP: 6/9
  1867 | D:2      | Noticed Terence
  1911 | D:2      | Noticed Jessica
  1932 | D:2      | Killed Jessica
  1932 | D:2      | Reached XP level 4. HP: 18/26 MP: 8/12
  2249 | D:2      | Noticed Natasha
  2831 | D:2      | Killed Natasha
  2959 | D:2      | Noticed Sigmund
  3029 | D:2      | Noticed Natasha
  3045 | D:2      | Slain by Natasha

Skill      XL: |  1  2  3 |
---------------+----------+-----
Fighting       | 2 |  2.0
Dodging        | 3 |  3.4
Translocations | 4 |  4.1
Spellcasting   | 4 |  4.9
Short Blades   | |  2.0
Throwing       | |  1.0
Armour         | |  0.7

Action                   |  1- 3 |  4- 6 || total
-------------------------+-------+-------++-------
Melee: Short sword       |   148 |    63 ||   211
Throw: Tomahawk          |       |     2 ||     2
 Cast: Shroud of Golubri |     9 |     6 ||    15
       Blink             |       |     3 ||     3
 Stab: Sleeping          |     1 |       ||     1
  Eat: Chunk             |     4 |     1 ||     5
       Ration            |       |     1 ||     1
Armor: Leather armour    |    28 |     3 ||    31
Dodge: Dodged            |   102 |    42 ||   144
